AoeStats
← MZTK | GaboxNet .i.

African Clearing

510333809Analyzed
2v2 RM · 20h ago on Sep 30, 2026· 48m 11s· 4 players
Game mode
Random Map
Map size
Medium (4 player)
Population
200
Speed
Normal
Resources
Standard
Victory
Conquest
Starting age
Dark Age
Ending age
Imperial Age
RankedLock teamsTeams togetherTeam positionsShared explorationLock speedFull tech treeHidden civsTurbo modeCheats
Victory
Defeat
🇲🇽 Mongols · Mexico
1198
+16
🇲🇽 Saracens · Mexico
1198
+16
🇨🇱 Vietnamese · Chile
1226
-18
🇦🇷 Mongols · Argentina
1162
-14
MZTK | GaboxNet .i.
11:32 Feudal Age
12:12 Double-Bit Axe
13:16 Loom
17:56 Bloodlines
22:14 Castle Age
21:23 Forging
21:49 Scale Barding Armor
22:58 Light Cavalry
25:20 Wheelbarrow
28:23 Bow Saw
28:25 Horse Collar
32:06 Padded Archer Armor
32:28 Elite Skirmisher
33:27 Leather Archer Armor
33:02 Fletching
35:00 Ballistics
35:29 Bodkin Arrow
42:10 Imperial Age
42:29 Capped Ram
43:40 Bracer
44:54 Hussar
46:39 Husbandry
47:09 Chain Barding Armor
47:25 Iron Casting
48:02 Hand Cart
_MZTK_SIRO_
10:03 Loom
12:04 Feudal Age
17:56 Castle Age
15:48 Double-Bit Axe
16:37 Fletching
16:47 Padded Archer Armor
18:10 Gold Mining
25:05 Town Watch
25:19 Horse Collar
27:06 Gold Shaft Mining
31:38 Wheelbarrow
33:11 Ballistics
34:30 Stone Mining
34:39 Bodkin Arrow
34:59 Leather Archer Armor
35:31 Bow Saw
37:02 Heavy Plow
40:18 Town Patrol
43:44 Imperial Age
42:20 Hand Cart
45:07 Ring Archer Armor
44:37 Bracer
45:56 Chemistry
44:52 Murder Holes
45:38 Conscription
MexKajica
6:53 Loom
14:40 Feudal Age
19:15 Castle Age
18:59 Fletching
20:34 Bodkin Arrow
35:19 Wheelbarrow
37:28 Double-Bit Axe
38:35 Padded Archer Armor
40:03 Leather Archer Armor
47:00 Imperial Age
45:13 Gold Mining
47:14 Scale Barding Armor
46:34 Light Cavalry
48:07 Bloodlines
48:02 Husbandry
lu.sal1207
10:51 Loom
14:05 Feudal Age
14:39 Feudal Age
18:34 Castle Age
17:41 Double-Bit Axe
23:45 Fletching
26:58 Padded Archer Armor
29:53 Bodkin Arrow
30:44 Town Watch
33:23 Leather Archer Armor
36:24 Ballistics
39:46 Forging
39:41 Scale Barding Armor
40:36 Bloodlines
43:20 Wheelbarrow
43:45 Iron Casting
43:15 Scale Barding Armor
48:17 Imperial Age
Connection lost

Rejoining the realm…

Still unreachable

The connection could not be restored.

Session expired

The server has moved on; the page needs a fresh start.